 Dungeon Crawl Stone Soup version 0.30-a0-1075-gcd70e7a56d (webtiles) character file.

Game seed: 731385763801679664

536 Newt the Skirmisher (level 7, 0/44 HPs)
             Began as a Kobold Hunter on Apr 14, 2023.
             Succumbed to a scorpion's poison
             ... on level 4 of the Dungeon.
             The game lasted 00:04:34 (4368 turns).

Newt the Skirmisher (Kobold Hunter)                 Turns: 4368, Time: 00:04:35

Health: 0/44       AC:  4    Str:  8    XL:     7   Next: 50%
Magic:  11/11      EV: 19    Int: 11    God:
Gold:   204        SH:  0    Dex: 20    Spells: 9/11 levels left

rFire   . . .      SeeInvis .    p - +0 sling (flame)
rCold   . . .      Faith    .    (no shield)
rNeg    . . .      Spirit   .    c - +0 leather armour
rPois   .          Reflect  .    (no helmet)
rElec   .          Rampage  .    (no cloak)
rCorr   .                        q - +0 pair of gloves
Will    .....                    (no boots)
Stlth   +++                      (no amulet)
HPRegen 0.27/turn                f - +5 ring of evasion
MPRegen 0.12/turn                (no ring)

@: lethally poisoned (0 -> -15)
A: small, no large weapons, nightstalker 3
a: no special abilities


You were on level 4 of the Dungeon.
You visited 1 branch of the dungeon, and saw 4 of its levels.

You collected 204 gold pieces.

Inventory:

Hand Weapons
 a - a +1 shortbow
 p - a +0 sling of flaming (weapon)
Armour
 c - a +0 leather armour (worn)
 q - a +0 pair of gloves (worn)
Jewellery
 e - a +4 ring of protection
 f - a +5 ring of evasion (left hand)
 l - a ring of magical power
Wands
 g - a wand of polymorph (1)
Scrolls
 b - a scroll of brand weapon {unknown}
 m - a scroll of blinking
Potions
 d - a potion of degeneration {unknown}
 h - a potion of attraction
 j - a potion of haste
 n - 2 potions of resistance {unknown}


   Skills:
 - Level 5.0 Fighting
 - Level 8.0 Ranged Weapons
 - Level 2.4 Dodging
 - Level 1.3 Stealth
 + Level 2.7 Spellcasting
 + Level 2.7 Transmutations


You had 9 spell levels left.
You knew the following spells:

 Your Spells              Type           Power      Damage    Failure   Level
a - Wereblood             Tmut           7%         N/A       21%         2

Your spell library contained the following spells:

 Spells                   Type           Power      Damage    Failure   Level
 Beastly Appendage        Tmut           14%        N/A       13%         1
 Magic Dart               Conj           4%         1d3       36%         1
 Slow                     Hex            4%         N/A       36%         1
 Blink                    Tloc           2%         N/A       52%         2
 Call Imp                 Summ           2%         N/A       52%         2
 Lesser Beckoning         Tloc           2%         N/A       52%         2
 Momentum Strike          Conj/Tloc      2%         3d8       52%         2
 Spider Form              Tmut/Pois      4%         N/A       56%         3
 Confusing Touch          Hex            1%         N/A       75%         3
 Mephitic Cloud           Conj/Pois/Air  1%         N/A       75%         3
 Vampiric Draining        Necr           1%         2d6       75%         3


Dungeon Overview and Level Annotations

Branches:
Dungeon (4/15)
 Temple: D:4-7

Altars:
Cheibriados
Elyvilon
Sif Muna
Uskayaw


Innate Abilities, Weirdness & Mutations

You are small and have problems with some larger weapons.
You are completely attuned to the shadows.


Message History

Found a cloak.
Found a robe.
No target in view!
No target in view!
Found 7 stones.
Found 3 poisoned darts.
An iguana comes into view.
The iguana hisses angrily.
A scorpion comes into view.
You shoot a sling bullet.
The sling bullet hits the iguana but does no damage.
You shoot a sling bullet.
The sling bullet hits the iguana but does no damage.
You shoot a sling bullet.
The sling bullet hits the iguana but does no damage.
The iguana bites you!
You shoot a sling bullet. The sling bullet hits the iguana.
The sling bullet burns the iguana.
The iguana is heavily wounded.
The scorpion misses you. The iguana bites you.
You shoot a sling bullet.
The sling bullet closely misses the iguana.
The scorpion misses you. The iguana bites you! The scorpion barely misses you.
The iguana attacks as you move away! The iguana misses you.
The scorpion attacks as you move away! The scorpion closely misses you.
The scorpion attacks as you move away!
The scorpion stings you but does no damage.
The scorpion completely misses you. The scorpion attacks as you move away!
The scorpion stings you.
You are poisoned.
The scorpion poisons you!
* * * LOW HITPOINT WARNING * * *
You feel very sick.
You feel sick.
You feel sick. The scorpion barely misses you.
The scorpion attacks as you move away! The scorpion stings you.
* * * LOW HITPOINT WARNING * * *
You are more poisoned.
The scorpion poisons you!
You die...

##.......#...####.
###........##...#
##......... #..##
#....#....# ##(.#
....##....# ##.##
....#.....# #..#
)..##.....# ##.##
)...#.....# #..#
..........# ##@.##
.#........#####....#
###........##.s....##
# ###.......l..###..#
# ##.......### ####
##....### #...## .
##..## . ##...#


You could see a scorpion and an iguana.

Vanquished Creatures
  Duvessa (D:4)
  An ogre (D:3)
  Dowan (D:4)
  A hound (D:4)
  Ijyb (D:3)
  11 gnolls
  3 adders
  3 worms
  3 dart slugs
  9 orcs (D:4)
  6 bats
  6 endoplasms
  6 giant cockroaches
  10 goblins
  9 hobgoblins
  9 kobolds
  5 quokkas
  4 ball pythons
  6 frilled lizards
  3 rats
98 creatures vanquished.

Notes
Turn   | Place    | Note
-------+----------+-------------------------------------------
     0 | D:1      | Newt the Kobold Hunter began the quest for the Orb.
     0 | D:1      | Reached XP level 1. HP: 12/12 MP: 1/1
    80 | D:1      | Reached XP level 2. HP: 18/18 MP: 2/2
   513 | D:1      | Reached XP level 3. HP: 23/23 MP: 3/3
   999 | D:2      | Reached XP level 4. HP: 27/30 MP: 4/4
  1109 | D:2      | Reached skill level 5 in Fighting
  1556 | D:2      | Reached XP level 5. HP: 35/35 MP: 5/5
  1564 | D:2      | Reached skill level 6 in Ranged Weapons
  2351 | D:3      | Learned a level 2 spell: Wereblood
  2432 | D:3      | Noticed an ogre
  2436 | D:3      | Killed an ogre
  2437 | D:3      | Reached skill level 7 in Ranged Weapons
  2437 | D:3      | Reached XP level 6. HP: 40/40 MP: 6/6
  2536 | D:3      | Found a shimmering blue altar of Sif Muna.
  2541 | D:3      | Found a hide-covered altar of Uskayaw.
  2653 | D:3      | Found a white marble altar of Elyvilon.
  2910 | D:3      | Found a snail-covered altar of Cheibriados.
  3301 | D:3      | Noticed Ijyb
  3313 | D:3      | Killed Ijyb
  3314 | D:3      | Reached skill level 8 in Ranged Weapons
  3675 | D:4      | Reached skill level 1 in Spellcasting
  3675 | D:4      | Reached skill level 1 in Transmutations
  3680 | D:4      | Noticed Duvessa
  3683 | D:4      | Reached XP level 7. HP: 39/44 MP: 4/9
  3687 | D:4      | Noticed Dowan
  3744 | D:4      | Killed Duvessa
  3777 | D:4      | HP: 2/44 [Dowan/+0 dagger (3)]
  3782 | D:4      | Killed Dowan
  4368 | D:4      | Succumbed to a scorpion's poison

Illustrated notes

Levels and vault maps discovered:
D:1:      onia_arrival_pentagram, layout_basic
D:2:      layout_basic, serial_co_window_serial, co_window_corner_a,
          co_window_corner_a, co_window_paths_b, co_window_cross_1,
          co_window_corner_a, co_window_of_opportunity_c, co_window_cross_4,
          co_window_unsneaky_path_b, co_window_4corner_a, glass_columns_a,
          glass_columns_b, glass_columns_b, minmay_misc_feat_pillars
D:3:      layout_basic, amcnicky_altar_gilded, elyvilon_altar_5, minitemple,
          uniq_ijyb
D:4:      layout_layer_cave, nicolae_kikubaaqudgha_miasma_corner, uniq_duvessa,
          uniq_crazy_yiuf_cottage

Skill      XL: |  1  2  3  4  5  6  7 |
---------------+----------------------+-----
Fighting       | 3 4 5 |  5.0
Ranged Weapons | 7 8 |  8.0
Spellcasting   | 1 2 |  2.7
Transmutations | 1 2 |  2.7
Dodging        | |  2.4
Stealth        | |  1.3

Action                     |  1- 3 |  4- 6 |  7- 9 || total
---------------------------+-------+-------+-------++-------
  Melee: Unarmed           |       |     1 |       ||     1
   Fire: Shortbow          |    81 |   123 |       ||   204
         Sling             |       |    40 |    47 ||    87
  Throw: Throwing net      |       |       |     2 ||     2
   Cast: Wereblood         |       |     1 |     1 ||     2
    Use: Scroll            |     1 |     7 |     1 ||     9
         Potion            |       |     2 |     3 ||     5
 Armour: Leather armour    |     9 |     7 |     5 ||    21
  Dodge: Dodged            |    24 |    73 |    28 ||   125

Table legend: (Time is in decaauts)
 A = Elapsed time spent in this place.
 B = Non-inter-level travel time spent in this place.
 C = Inter-level travel time spent in this place.
 D = Time resting spent in this place.
 E = Time spent auto-exploring this place.
 F = Levels seen in this place.
 G = Mean time per level.
                   A        B        C        D        E       F      G
               +--------+--------+--------+--------+--------+-----+--------+
         Total |   4366 |   4249 |    117 |    460 |   3182 |   4 | 1091.5 |
       Dungeon |   4366 |   4249 |    117 |    460 |   3182 |   4 | 1091.5 |
               +--------+--------+--------+--------+--------+-----+--------+

Top non-repeatable levels by time:
     D:3: 1404 daAuts
     D:2: 1345 daAuts
     D:1: 885 daAuts
     D:4: 731 daAuts
